 Seeded DCSS version 0.30.1-11-g7821555f0a (webtiles) character file.

Game seed: 5 (custom seed)

7829 Kazon the Blocker (level 11, -9/62 HPs)
             Began as a Gargoyle Gladiator on Nov 28, 2023.
             Was an Elder of Okawaru.
             Mangled by a shadow (17 damage)
             ... on level 9 of the Dungeon.
             The game lasted 00:38:08 (7527 turns).

Kazon the Blocker (Gargoyle Gladiator)              Turns: 7527, Time: 00:38:09

Health: -9/62      AC: 23    Str: 22    XL:     11   Next: 21%
Magic:  0/24       EV:  9    Int:  9    God:    Okawaru [****..]
Gold:   440        SH: 14    Dex: 11    Spells: 10/10 levels left

rFire   . . .        h - +0 whip (holy)
rCold   . . .        c - +0 tower shield
rNeg    + . .        I - +0 scale mail
rPois   ∞            k - +0 helmet
rElec   +            (no cloak)
rCorr   .            C - +2 pair of gloves {hurl}
SInv    .            (no boots)
Will    .....        F - amulet of guardian spirit
Stlth   +            t - ring of magical power
HPRegen 0.30/turn    n - +4 ring of protection
MPRegen 0.19/turn

%: guardian spirit
@: no status effects
A: sickness immunity, AC +8, negative energy resistance 1, electricity
resistance, torment resistance 1, petrification resistance
a: Renounce Religion, Heroism, Finesse


You were on level 9 of the Dungeon.
You worshipped Okawaru.
Okawaru was greatly pleased with you.
You visited 2 branches of the dungeon, and saw 10 of its levels.
You also visited: Ossuary.

You collected 582 gold pieces.
You spent 142 gold pieces at shops.

Inventory:

Hand Weapons
 f - a +0 hand axe of flaming
 h - a +0 whip of holy wrath (weapon)
 s - a +2 vampiric dagger
 v - a +0 vampiric hand axe
Missiles
 d - 4 throwing nets
 e - a javelin
 g - 9 stones
 l - 14 boomerangs (quivered)
 u - 10 poisoned darts
 L - a boomerang of dispersal
 Q - 3 atropa-tipped darts
Armour
 c - a +0 tower shield (worn)
 k - a +0 helmet (worn)
 C - a +2 pair of gloves of hurling (worn)
 I - a +0 scale mail (worn)
Jewellery
 n - a +4 ring of protection (right hand)
 t - a ring of magical power (left hand)
 F - an amulet of guardian spirit (around neck)
Wands
 y - a wand of digging (7)
 D - a wand of paralysis (5)
 R - a wand of light (4)
Scrolls
 i - 4 scrolls of identify
 p - 2 scrolls of magic mapping {unknown}
 q - 2 scrolls of blinking {unknown}
 r - a scroll of teleportation
 A - a scroll of amnesia {unknown}
 B - a scroll of torment {unknown}
 H - a scroll of poison {unknown}
 J - a scroll of enchant armour {unknown}
 K - 2 scrolls of fog {unknown}
 M - 2 scrolls of fear {unknown}
 P - a scroll of enchant weapon {unknown}
Potions
 a - a potion of ambrosia {unknown}
 b - 5 potions of flight {unknown}
 j - a potion of resistance {unknown}
 m - 6 potions of curing {unknown}
 o - a potion of cancellation {unknown}
 w - 2 potions of invisibility {unknown}
 x - 2 potions of berserk rage {unknown}
 z - 6 potions of heal wounds {unknown}
 E - a potion of lignification {unknown}
 G - 4 potions of attraction {unknown}
 N - a potion of haste {unknown}
 O - 2 potions of brilliance


   Skills:
 + Level 4.6 Fighting
 + Level 2.6 Short Blades
 + Level 5.0(5.9) Axes
 + Level 5.2(6.3) Maces & Flails
 + Level 3.7 Throwing
 + Level 5.0 Armour
 + Level 5.4 Dodging
 + Level 3.3 Stealth
 + Level 8.2 Shields
 * Level 6.6 Invocations
 * Level 5.6 Evocations


You had 10 spell levels left.
You didn't know any spells.
Your spell library contained the following spells:

 Spells                   Type           Power      Damage    Failure   Level
 Frozen Ramparts          Ice            0%         1d1       100%        3
 Ignite Poison            Fire/Tmut/Pois 0%         N/A       100%        3
 Ice Form                 Ice/Tmut       0%         N/A       100%        4
 Sticky Flame             Conj/Fire      0%         2d3       100%        4
 Eringya's Noxious Bog    Tmut/Pois      0%         N/A       100%        6
 Ignition                 Fire           0%         3d3       100%        8
 Summon Ice Beast         Ice/Summ       Unusable   N/A       N/A         4
 Summon Forest            Summ/Tloc      Unusable   N/A       N/A         5
 Summon Hydra             Summ           Unusable   N/A       N/A         7

Dungeon Overview and Level Annotations

Branches:
Dungeon (9/15)             Temple (1/1) D:4            Lair (0/5) D:8
Ossuary (visited)
    Orc: D:9-12

Altars:
Dithmenos
Fedhas
Gozag
Hepliaklqana
Okawaru
Qazlal
Trog
Uskayaw
Wu Jian
Xom
The Shining One

Shops:
D:8 *


Innate Abilities, Weirdness & Mutations

You are immune to sickness and miasma.
Your stone body is resilient. (AC +8)
You are immune to poison.
You resist negative energy. (rN+)
You are resistant to electric shocks. (rElec)
You are resistant to unholy torment.
You are immune to petrification.


Message History

The shadow is heavily damaged.
The shadow hits you.
You hit the shadow.
The shadow convulses.
The shadow is heavily damaged.
The shadow closely misses you.
You hit the shadow.
The shadow convulses.
The shadow is almost destroyed.
The shadow slips into darkness.
The shadow flickers and vanishes!
Deactivating autopickup; reactivate with Ctrl-A.
You hit something but do no damage.
The shadow strikes at you from the darkness!
* * * LOW HITPOINT WARNING * * *
Reactivating autopickup.
You hit the shadow.
The shadow convulses.
The shadow is almost destroyed.
You block the shadow's attack.
You hit the shadow but do no damage.
The shadow is almost destroyed.
You block the shadow's attack.
You hit the shadow but do no damage.
The shadow is almost destroyed.
The shadow slips into darkness.
The shadow flickers and vanishes!
Deactivating autopickup; reactivate with Ctrl-A.
You hit something but do no damage.
The shadow strikes at you from the darkness!
* * * LOW HITPOINT WARNING * * *
Reactivating autopickup.
You hit the shadow but do no damage.
The shadow is almost destroyed.
The shadow hits you.
You hit the shadow but do no damage.
The shadow is almost destroyed.
The shadow slips into darkness.
The shadow flickers and vanishes!
Deactivating autopickup; reactivate with Ctrl-A.
You closely miss something.
The shadow strikes at you from the darkness!
You die...

###### #### .....
.######... ...
..........
#{##############.#.
#.@..............##
###################


There were no monsters in sight!

Vanquished Creatures
  A two-headed ogre (D:7)
  2 polar bears (D:8)
  A hornet (D:9)
  A shadow (D:9)
  Sigmund (D:4)
  2 vampires (D:9)
  A wyvern (D:8)
  A yak (D:8)
  3 basilisks (D:8)
  A steam dragon (D:8)
  Duvessa (D:6)
  6 water moccasins
  An ice beast (D:8)
  An orc warrior (D:9)
  A sky beast (D:7)
  5 black bears
  3 wolves (D:8)
  5 centaurs
  2 ogres
  An elf zombie (Ossuary)
  A kobold brigand (D:7)
  A bullfrog (D:8)
  A gnoll sergeant (D:8)
  3 scorpions
  15 wights
  4 killer bees (D:7)
  Dowan (D:6)
  A howler monkey (D:5)
  A vampire bat (D:7)
  An electric eel (D:8)
  A wyvern simulacrum (D:8)
  A centaur zombie (Ossuary)
  6 hounds
  4 orc priests
  3 human zombies (Ossuary)
  A jelly (D:5)
  6 iguanas
  9 orc wizards
  4 ogre zombies (Ossuary)
  A centaur simulacrum (D:8)
  7 mummies (Ossuary)
  11 gnolls
  9 adders
  A shadow imp (D:8)
  A white imp (D:7)
  2 ufetubi
  A worm zombie (D:7)
  2 adder zombies (Ossuary)
  3 worms
  23 orcs
  12 bats
  9 endoplasms
  A giant cockroach (D:1)
  12 goblins
  7 hobgoblins
  11 jackals
  10 kobolds
  3 quokkas (D:4)
  6 ball pythons
  3 frilled lizards
  4 goblin zombies (Ossuary)
  6 hobgoblin zombies
  3 kobold zombies
  4 quokka zombies (Ossuary)
  4 rats
  4 rat zombies (Ossuary)
264 creatures vanquished.

Vanquished Creatures (others)
  An orc (D:8)
1 creature vanquished.

Grand Total: 265 creatures vanquished

Notes
Turn   | Place    | Note
-------+----------+-------------------------------------------
     0 | D:1      | Kazon the Gargoyle Gladiator began the quest for the Orb.
     0 | D:1      | Reached XP level 1. HP: 12/12 MP: 1/1
    46 | D:1      | Identified a scroll of acquirement
    46 | D:1      | Acquired a +2 pair of gloves of hurling
    68 | D:1      | Reached XP level 2. HP: 11/17 MP: 2/2
   323 | D:1      | Reached XP level 3. HP: 22/22 MP: 3/3
  1036 | D:2      | Reached XP level 4. HP: 6/27 MP: 4/4
  1222 | D:2      | Reached skill level 1 in Stealth
  1231 | D:2      | Reached skill level 1 in Shields
  1570 | D:3      | Found a blossoming altar of Fedhas.
  1595 | D:3      | Reached XP level 5. HP: 31/31 MP: 5/5
  1731 | D:3      | Found a stormy altar of Qazlal.
  1783 | D:3      | Identified the +2 sling "Qeuhanocyt" {speed, rElec Str-3
                  | Dex+2}
  1801 | D:3      | Found a faded altar of an unknown god.
  2022 | D:4      | Found a staircase to the Ecumenical Temple.
  2034 | Temple   | Entered the Ecumenical Temple
  2048 | Temple   | Became a worshipper of Warmaster Okawaru
  2297 | D:4      | Reached skill level 1 in Armour
  2353 | D:4      | Noticed Sigmund
  2370 | D:4      | Killed Sigmund
  2370 | D:4      | Reached * piety under Okawaru
  2371 | D:4      | Reached skill level 1 in Short Blades
  2371 | D:4      | Reached skill level 2 in Shields
  2371 | D:4      | Reached skill level 1 in Invocations
  2371 | D:4      | Reached XP level 6. HP: 12/36 MP: 7/7
  2465 | D:4      | Noticed a black bear
  2481 | D:4      | Killed a black bear
  2482 | D:4      | Reached XP level 7. HP: 25/41 MP: 8/8
  2493 | D:4      | Found a hazy altar of Hepliaklqana.
  2508 | D:4      | Found a shadowy altar of Dithmenos.
  2509 | D:4      | Noticed a shadow
  2869 | D:5      | Entered Level 5 of the Dungeon
  2927 | D:5      | Reached skill level 1 in Evocations
  3025 | D:5      | Reached ** piety under Okawaru
  3074 | D:5      | Reached skill level 3 in Shields
  3158 | D:5      | Reached XP level 8. HP: 33/46 MP: 10/10
  3409 | D:6      | Noticed Dowan
  3411 | D:6      | Noticed Duvessa
  3427 | D:6      | Killed Duvessa
  3434 | D:6      | HP: 2/46 [Dowan/shard of ice (9)]
  3441 | D:6      | Killed Dowan
  3442 | D:6      | Reached skill level 1 in Axes
  3646 | D:6      | Reached *** piety under Okawaru
  3647 | D:6      | Reached skill level 4 in Shields
  3656 | D:6      | Found a shimmering altar of Xom.
  3965 | D:7      | Reached XP level 9. HP: 50/51 MP: 12/12
  4014 | D:7      | Reached skill level 5 in Shields
  4075 | D:7      | Reached **** piety under Okawaru
  4075 | D:7      | Received a gift from Okawaru
  4092 | D:7      | Found a sand-covered staircase.
  4113 | Ossuary  | Entered an ossuary
  4340 | Ossuary  | Reached skill level 5 in Invocations
  4798 | D:7      | Noticed a two-headed ogre
  4810 | D:7      | Killed a two-headed ogre
  4811 | D:7      | Reached skill level 6 in Shields
  4811 | D:7      | Reached XP level 10. HP: 40/57 MP: 14/14
  4890 | D:7      | Received a gift from Okawaru
  4891 | D:7      | Reached skill level 5 in Maces & Flails
  5586 | D:8      | Reached skill level 5 in Dodging
  5781 | D:8      | Reached skill level 7 in Shields
  5829 | D:8      | Found a staircase to the Lair.
  5854 | D:8      | Reached skill level 5 in Evocations
  5942 | D:8      | Found Izo Qiri's Assorted Antiques.
  5951 | D:8      | Bought a sedimented brown potion for 26 gold pieces
  5951 | D:8      | Bought a curved iron wand for 116 gold pieces
  6370 | D:8      | Reached XP level 11. HP: 55/62 MP: 15/15
  6961 | D:9      | Reached skill level 8 in Shields
  7098 | D:9      | Reached skill level 5 in Armour
  7130 | D:9      | Reached skill level 5 in Axes
  7527 | D:9      | Mangled by a shadow

Illustrated notes

Levels and vault maps discovered:
D:1:      ebering_trefoil_3fold, layout_basic, st_stairs_14, serial_bayou_ford_a
D:2:      layout_basic, hangedman_decor_growths, minmay_close_crescents
D:3:      layout_rooms, mainiacjoe_overflow_concentric_impassable,
          mainiacjoe_overflow_paths, shapermc_ecumenical_altar_acropolis,
          chequers_serial_rivers_micro_b
D:4:      layout_basic, riverfiend_overflow_shadow_ancestor,
          minmay_temple_entry_glass, uniq_sigmund
D:5:      layout_gridville
D:6:      layout_basic, xom_teletrap_fun, uniq_duvessa
D:7:      layout_loops_ring, enter_ossuary_3, roderic_batcave
D:8:      layout_layer_cave, minmay_lair_entry_grove, serial_shops,
          nicolae_lakefront_shop, serial_ice, serial_ice_o, serial_ice_d,
          serial_ice_k, serial_ice_a
D:9:      layout_loops_ring, nicolae_wwwww, uniq_maurice
Temple:   nicolae_temple_elliptical

Skill      XL: |  1  2  3  4  5  6  7  8  9 10 11 |
---------------+----------------------------------+-----
Dodging        | 3 4 5 |  5.4
Stealth        | 1 2 3 |  3.3
Shields        | 1 2 3 4 6 7 8 |  8.2
Maces & Flails | 4 5 |  5.2
Throwing       | 2 3 |  3.7
Armour         | 1 2 3 4 5 |  5.0
Short Blades   | 1 2 |  2.6
Invocations    | 1 2 4 5 6 |  6.6
Fighting       | 3 4 |  4.6
Evocations     | 1 3 4 5 |  5.6
Axes           | 2 3 4 5 |  5.0

Action                     |  1- 3 |  4- 6 |  7- 9 | 10-12 || total
---------------------------+-------+-------+-------+-------++-------
  Melee: Flail             |   134 |    90 |    36 |     4 ||   264
         Dagger            |       |    84 |   142 |       ||   226
         Hand axe          |       |       |   316 |   663 ||   979
         Whip              |       |       |   184 |   135 ||   319
  Throw: Stone             |       |     4 |    49 |       ||    53
         Dart              |       |     4 |    18 |     3 ||    25
         Boomerang         |       |       |    14 |    23 ||    37
 Invoke: Heroism           |       |       |     1 |     4 ||     5
         Finesse           |       |       |       |     2 ||     2
  Evoke: Wand              |       |       |     1 |     2 ||     3
    Use: Scroll            |     2 |     1 |     1 |     1 ||     5
         Potion            |       |       |       |     1 ||     1
   Stab: Sleeping          |       |     2 |     1 |       ||     3
         Distracted        |       |       |     1 |       ||     1
         Paralysed         |       |       |     2 |     8 ||    10
 Armour: Leather armour    |    74 |    90 |   108 |       ||   272
         Scale mail        |       |       |   192 |   452 ||   644
  Dodge: Dodged            |    59 |    62 |   220 |   251 ||   592
  Block: Tower shield      |    56 |   123 |   567 |   620 ||  1366
